AoeStats
← gerardCapo

Golden Pit

508889487Analyzed
1v1 RM · 8d ago on Sep 24, 2026· 33m 44s· 2 players
Game mode
Random Map
Map size
Tiny (2 player)
Population
200
Speed
Normal
Resources
Standard
Victory
Conquest
Starting age
Dark Age
Ending age
Imperial Age
RankedLock teamsTeams togetherTeam positionsShared explorationLock speedFull tech treeHidden civsTurbo modeCheats
Victory
Defeat
🇪🇸 Sicilians · Spain
744
+15
🇭🇰 Teutons · Hong Kong SAR China
713
-32
April=2Huo
2:41 Loom
3:50 Loom
11:22 Feudal Age
11:53 Double-Bit Axe
21:03 Castle Age
20:58 Stone Mining
21:03 Gold Mining
26:13 Gambesons
26:32 Town Watch
27:23 Wheelbarrow
gerardCapo
10:20 Feudal Age
10:58 Double-Bit Axe
10:58 Horse Collar
20:10 Castle Age
20:26 Forging
22:13 Scale Mail Armor
23:58 Fletching
24:25 Chain Mail Armor
27:13 Iron Casting
26:35 Loom
32:17 Stone Mining
32:21 Gold Mining
33:10 Wheelbarrow
33:45 Bow Saw
33:39 Heavy Plow
Connection lost

Rejoining the realm…

Still unreachable

The connection could not be restored.

Session expired

The server has moved on; the page needs a fresh start.